 Dungeon Sprint DCSS version 0.17-a0-1582-ge6b0260 (console) character file.

1953 FIQ the Fighter (level 8, -1/74 HPs)
             Began as a Demonspawn Chaos Knight on July 28, 2015.
             Slain by a crocodile (11 damage)
             ... in the Dungeon (Sprint IX: "|||||||||||||||||||||||||||||").
             The game lasted 00:03:31 (895 turns).

FIQ the Fighter (Demonspawn Chaos Knight)            Turns: 895, Time: 00:03:31

Health: -1/74      AC: 22    Str: 20    XL:     8   Next: 99%
Magic:  8/8        EV: 12    Int: 14    God:    Xom [..*...]
Gold:   18         SH:  0    Dex: 18    Spells: 0 memorised, 7 levels left

rFire  . . .     SeeInvis .     o - +2 morningstar (protect)
rCold  + . .     Clarity  .     q - +0 plate armour
rNeg   . . .     SustAt   .     (no shield)
rPois  .         Gourm    .     (no helmet)
rElec  .         Spirit   .     (no cloak)
rCorr  .         Warding  .     a - +0 pair of gloves
rMut   .         NoTele   +     p - +0 pair of boots
MR     .....                    (no amulet)
Stlth  ..........               r - +3 ring of dexterity
                                b - +3 ring of strength

@: mighty, not resistant to hostile enchantments, extremely unstealthy
A: hooves 1, cold resistance 1, powered by pain 2
a: Renounce Religion


You were in the Dungeon.
You worshipped Xom.
You were a toy of Xom.
You were hungry.

You visited 1 branch You collected 18 gold pieces.

Inventory:

Hand weapons
 o - a +2 morningstar of protection (weapon)
Armour
 a - a +0 pair of gloves (worn)
 p - a +0 pair of boots (worn)
 q - a +0 plate armour (worn)
Jewellery
 b - a +3 ring of strength (left hand)
 h - an uncursed amulet of resist mutation
 r - a +3 ring of dexterity (right hand)
Magical devices
 n - a wand of fire (7)
Scrolls
 i - 2 scrolls of blinking
 j - a scroll of recharging
 l - 4 scrolls of remove curse
 m - 2 scrolls of amnesia
 s - 2 scrolls of enchant weapon
 t - a scroll of fear
 u - a scroll of fog
Potions
 d - 10 potions of curing
 e - 5 potions of heal wounds
 f - a potion of haste
 g - 4 potions of magic
 k - a potion of invisibility
Comestibles
 c - a bread ration


   Skills:
 + Level 10.6 Fighting
 + Level 9.8 Maces & Flails
 + Level 9.5 Armour
 + Level 9.3 Dodging


You had 7 spell levels left.
You didn't know any spells.

Dungeon Overview and Level Annotations

Branches:
Dungeon (1/1)

Altars:
Cheibriados
Dithmenos
Elyvilon
Fedhas
Gozag
Kikubaaqudgha
Makhleb
Nemelex Xobeh
Okawaru
Qazlal
Ru
Sif Muna
Trog
Vehumet
Xom
Yredelemnul
Zin
The Shining One
Beogh
Jiyva
Lugonu


Innate Abilities, Weirdness & Mutations

You have large cloven feet.
Your flesh is cold resistant.
You sometimes gain power by taking damage.


Message History

The yak is lightly wounded.
The yak gores you but does no damage.
You impale the yak!!
The yak is almost dead.
The yak gores you.
You bludgeon the yak!!
You kill the yak!
You hit the crocodile.
The crocodile is lightly wounded.
The crocodile bites you.
* * * LOW HITPOINT WARNING * * *
Your plate armour prevents you from hitting the crocodile.
The crocodile is lightly wounded.
The crocodile bites you!
* * * LOW HITPOINT WARNING * * *
Your plate armour prevents you from hitting the crocodile.
The crocodile is lightly wounded.
The crocodile bites you!
You die...
Xom chuckles heartily! ▓.▓_▓ ▓.▓_▓ D ▓.▓_▓ ▓.▓.▓_▓ S @ o ▓.▓.▓_▓ u N ▓.▓.▓_▓ L N o W l▓.▓.▓_▓ p f o l▓.▓.▓_▓ o ▓.▓.▓_▓ o W ▓t▓.▓_▓ c T k o @ ▓@▓F▓_▓ k y ▓%▓.▓_▓ Q c D W o o▓.▓.▓_▓ n W o ▓.▓.▓_▓ G o ▓.▓.▓_▓ J f o

▓.▓.▓'▓
o
▓.▓.▓.▓
i
▓(▓.▓.▓
o o
▓.▓.▓.▓
▓.▓.▓.▓
▓.▓.▓.▓


You could see a crocodile.

Vanquished Creatures
  A kobold demonologist (D)
  A komodo dragon (D)
  A deep elf mage (D)
  A yak (D)
  2 hippogriffs (D)
  A hungry ghost (D)
  A sky beast (D)
  An eye of draining (D)
  2 centaurs (D)
  A big kobold (D)
  A crocodile (D)
  2 giant frogs (D)
  A crimson imp (D)
  A hound (D)
  2 iguanas (D)
  A worker ant (D)
  3 adder zombies (D)
  2 hobgoblins (D)
  2 goblins (D)
  A kobold (D)
  2 rats (D)
30 creatures vanquished.

Notes
Turn   | Place    | Note
--------------------------------------------------------------
     0 | D        | FIQ the Demonspawn Chaos Knight began the quest for the Orb.
     0 | D        | Reached XP level 1. HP: 18/18 MP: 1/1
     8 | D        | Reached skill level 1 in Dodging
    21 | D        | Noticed a crimson imp
    21 | D        | Noticed a worker ant
    21 | D        | Noticed a hound
    25 | D        | Killed a hound
    25 | D        | Reached skill level 4 in Fighting
    25 | D        | Gained mutation: You sometimes gain a little power by taking damage. [demonic ancestry]
    25 | D        | Reached XP level 2. HP: 11/26 MP: 2/2
    25 | D        | Reached XP level 3. HP: 13/31 MP: 3/3
    34 | D        | Killed a worker ant
    55 | D        | Killed a crimson imp
    55 | D        | Reached skill level 5 in Fighting
    55 | D        | Reached XP level 4. HP: 2/39 MP: 4/4
    79 | D        | Found a glowing silver altar of Zin.
    79 | D        | Found a glowing golden altar of the Shining One.
    79 | D        | Found an ancient bone altar of Kikubaaqudgha.
    79 | D        | Found a basalt altar of Yredelemnul.
    79 | D        | Found a shimmering altar of Xom.
    79 | D        | Found a radiant altar of Vehumet.
    80 | D        | Found an iron altar of Okawaru.
    81 | D        | Found a burning altar of Makhleb.
    82 | D        | Found a deep blue altar of Sif Muna.
    83 | D        | Found a bloodstained altar of Trog.
    84 | D        | Found a sparkling altar of Nemelex Xobeh.
    85 | D        | Found a white marble altar of Elyvilon.
    86 | D        | Found a roughly hewn altar of Beogh.
    87 | D        | Found a viscous altar of Jiyva.
    88 | D        | Found a corrupted altar of Lugonu.
    89 | D        | Found a blossoming altar of Fedhas.
    90 | D        | Found a snail-covered altar of Cheibriados.
    91 | D        | Found a shadowy altar of Dithmenos.
    92 | D        | Found a stormy altar of Qazlal.
    93 | D        | Found an opulent altar of Gozag.
    94 | D        | Found a sacrificial altar of Ru.
   339 | D        | Noticed a deep elf mage
   339 | D        | Noticed a big kobold
   339 | D        | Noticed a centaur
   339 | D        | Noticed an iguana
   340 | D        | Killed an iguana
   340 | D        | Reached skill level 5 in Maces & Flails
   347 | D        | XOM: potion effect (berserk rage)
   349 | D        | Killed a centaur
   349 | D        | Reached skill level 6 in Fighting
   349 | D        | Reached skill level 5 in Armour
   349 | D        | Reached skill level 5 in Dodging
   349 | D        | Gained mutation: You have large cloven feet. [demonic ancestry]
   349 | D        | Reached XP level 5. HP: 39/47 MP: 5/5
   352 | D        | XOM: potion effect (brilliance)
   359 | D        | Killed a big kobold
   359 | D        | Reached skill level 7 in Fighting
   359 | D        | Reached XP level 6. HP: 44/55 MP: 6/6
   365 | D        | Killed a deep elf mage
   524 | D        | Noticed a sky beast
   524 | D        | Noticed an eye of draining
   524 | D        | Noticed a hungry ghost
   524 | D        | Noticed a centaur
   524 | D        | Noticed a kobold demonologist
   529 | D        | Noticed a soul eater
   531 | D        | XOM: divination: detect creatures
   534 | D        | Killed a kobold demonologist
   534 | D        | Reached skill level 8 in Fighting
   534 | D        | Gained mutation: You sometimes gain power by taking damage. [demonic ancestry]
   534 | D        | Reached XP level 7. HP: 51/63 MP: 0/7
   537 | D        | Killed a centaur
   537 | D        | Reached skill level 9 in Fighting
   541 | D        | Killed a hungry ghost
   550 | D        | Killed an eye of draining
   550 | D        | Gained mutation: Your flesh is cold resistant. [demonic ancestry]
   550 | D        | Reached XP level 8. HP: 37/71 MP: 0/8
   555 | D        | Killed a sky beast
   655 | D        | XOM: harmless Divn miscast
   818 | D        | XOM: divination: detect creatures
   853 | D        | Noticed a hippogriff
   853 | D        | Noticed a komodo dragon
   853 | D        | Noticed a hippogriff
   853 | D        | Noticed a crocodile
   853 | D        | Noticed a giant frog
   853 | D        | Noticed a giant frog
   853 | D        | XOM: noise
   856 | D        | Noticed an iguana
   858 | D        | Killed a giant frog
   860 | D        | Killed a giant frog
   861 | D        | XOM: potion effect (might)
   862 | D        | Killed a crocodile
   868 | D        | Killed a hippogriff
   868 | D        | Reached skill level 10 in Fighting
   875 | D        | Killed a komodo dragon
   880 | D        | Killed a hippogriff
   882 | D        | Killed an iguana
   884 | D        | Noticed a yak
   885 | D        | Noticed a crocodile
   892 | D        | Killed a yak
   895 | D        | Slain by a crocodile

Vault maps used:
D:        linesprint

Action                   |  1- 3 |  4- 6 |  7- 9 || total
-------------------------+-------+-------+-------++-------
Melee: Mace              |    40 |       |       ||    40
       Morningstar       |       |    34 |    54 ||    88
  Use: Potion            |       |     1 |       ||     1
 Stab: Petrifying        |     1 |       |       ||     1
  Eat: Chunk             |       |       |     1 ||     1
